 Dungeon Crawl Stone Soup version 0.25.1-2-g60ff931df9 (webtiles) character file.

Game seed: 1892121293583567853

18940 Martska the Protected (level 12, -9/108 HPs)
             Began as a Minotaur Fighter on Sept 30, 2020.
             Was a High Priest of the Shining One.
             Mangled by a two-headed ogre
             ... wielding a +0 giant spiked club
              (24 damage)
             ... on level 2 of the Orcish Mines.
             The game lasted 00:27:59 (11294 turns).

Martska the Protected (Minotaur Fighter)           Turns: 11294, Time: 00:27:59

Health: -9/108     AC: 21    Str: 21    XL:     12   Next: 32%
Magic:  17/17      EV: 15    Int:  5    God:    the Shining One [*****.]
Gold:   533        SH:  0    Dex: 15    Spells: 11/11 levels left

rFire    . . .     SeeInvis .   p - +0 battleaxe (vorpal)
rCold    . . .     Gourm    .   (shield currently unavailable)
rNeg     + + .     Faith    .   d - +0 plate armour
rPois    .         Spirit   .   (helmet restricted)
rElec    .         Reflect  .   u - +1 cloak {Stlth+}
rCorr    .         Harm     .   (no gloves)
MR       .....                  e - +2 pair of boots
Stlth    ..........             (no amulet)
HPRegen  0.28/turn              g - +4 ring of evasion
MPRegen  0.15/turn              (no ring)

@: slowed, glowing, very slow
A: retaliatory headbutt, horns 2
a: Divine Shield, Cleansing Flame, Summon Divine Warrior, Renounce Religion


You were on level 2 of the Orcish Mines.
You worshipped the Shining One.
The Shining One was extremely pleased with you.
You were hungry.

You visited 2 branches of the dungeon, and saw 11 of its levels.
You also visited: Ossuary.

You collected 533 gold pieces.

Inventory:

Hand Weapons
 a - a +0 war axe
 h - a +2 war axe of electrocution
 p - a +0 vorpal battleaxe (weapon)
 B - a +3 vorpal flail
 E - a +0 battleaxe
Armour
 b - a +0 scale mail
 c - a +0 kite shield
 d - a +0 plate armour (worn)
 e - a +2 pair of boots (worn)
 m - a +0 troll leather armour
 u - a +1 cloak of stealth (worn)
Jewellery
 g - a +4 ring of evasion (left hand)
 o - an uncursed ring of magical power
 C - a -4 ring of strength
 M - a +6 ring of strength
Wands
 t - a wand of random effects (31)
 x - a wand of polymorph (4)
 F - a wand of flame (12)
Scrolls
 i - 3 scrolls of amnesia
 l - a scroll of magic mapping {unknown}
 q - 2 scrolls of immolation
 r - 3 scrolls of enchant weapon {unknown}
 s - 3 scrolls of remove curse
 v - a scroll of noise {unknown}
 w - 3 scrolls of blinking {unknown}
 y - 3 scrolls of teleportation {unknown}
 A - a scroll of fear {unknown}
 D - a scroll of acquirement {unknown}
 G - a scroll of brand weapon {unknown}
 J - a scroll of holy word {unknown}
 L - 3 scrolls of identify
 N - a scroll of fog {unknown}
Potions
 j - 2 potions of lignification
 k - 4 potions of mutation
 n - 3 potions of curing
 z - a potion of cancellation {unknown}
 H - a potion of flight {unknown}
 I - a potion of brilliance {unknown}
 K - a potion of stabbing {unknown}
 O - 2 potions of haste {unknown}
Comestibles
 f - 9 rations


   Skills:
 * Level 10.9 Fighting
 * Level 10.4 Axes
 * Level 11.0 Armour
 * Level 9.3 Dodging
 - Level 3.6 Shields
 * Level 8.0 Invocations
 * Level 7.2 Evocations


You had 11 spell levels left.
You didn't know any spells.
Your spell library was empty.

Dungeon Overview and Level Annotations

Branches:
Dungeon (9/15)             Temple (0/1) D:5             Orc (2/2) D:9
Ossuary (visited)
   Lair: D:8-11         Elf: Orc:2

Altars:
Cheibriados
Elyvilon
Fedhas
Hepliaklqana
Kikubaaqudgha
Okawaru
Ru
Sif Muna
Uskayaw
Vehumet
Wu Jian
Zin
The Shining One

Shops:
D:5 (   D:9 [


Innate Abilities, Weirdness & Mutations

You reflexively headbutt those who attack you in melee.
You have a pair of horns on your head.


Message History

The snapping turtle bites you!
The snapping turtle bites you but does no damage.
You slice the snapping turtle!!
The snapping turtle is almost dead.
The snapping turtle bites you.
You hit the snapping turtle.
The snapping turtle is almost dead.
The snapping turtle barely misses you. You furiously retaliate!
You headbutt the snapping turtle, but do no damage.
The snapping turtle bites you!
The two-headed ogre hits you with a +0 giant spiked club!!
* * * LOW HITPOINT WARNING * * *
The two-headed ogre hits you with a +0 giant club.
* * * LOW HITPOINT WARNING * * *
The snapping turtle bites you from afar.
* * * LOW HITPOINT WARNING * * *
The snapping turtle closely misses you.
There is a stone staircase leading up, spattered with blood here.
The two-headed ogre hits you with a +0 giant spiked club!!
You die...

#............# #
##..#........#
#.##....#.......#
...#...........#
..............## ..
#....[).....#
.#.......#...[.....##
........##...#.).)..#
.......##.#....)@...#
...............O#..##
#.............t)....#
##........#........#
#.O................#
#.)...............#
O.)##..............##
O.# ##...#......#..##
.O ##...##..........#


You could see a snapping turtle and a two-headed ogre.

Vanquished Creatures
  Harold (D:7)
  2 ogre magi
  6 two-headed ogres
  An orc high priest (Orc:1)
  Pikel (D:5)
  An orc knight (Orc:1)
  3 orc sorcerers
  Maurice (D:9)
  6 trolls
  Grinder (D:3)
  5 yaks (D:9)
  A hungry ghost (D:9)
  A warg (Orc:1)
  Edmund (D:5)
  Duvessa (D:7)
  4 orc warriors
  An ice beast (D:3)
  2 sky beasts
  4 slaves (D:5)
  5 phantoms
  3 black bears
  19 ogres
  A necrophage (D:9)
  7 centaurs
  An elf zombie (D:8)
  7 bullfrogs
  A gnoll sergeant (D:6)
  Dowan (D:7)
  An elf skeleton (D:8)
  A wyvern skeleton (D:6)
  2 scorpions
  2 troll zombies (D:9)
  7 howler monkeys
  A bullfrog zombie (D:5)
  A centaur zombie (Ossuary)
  5 crimson imps
  5 hounds
  2 jellies
  3 human zombies
  4 orc priests
  Crazy Yiuf (D:3)
  2 gnoll shamans (D:9)
  9 orc wizards
  2 bullfrog skeletons
  Ijyb (D:3)
  2 human skeletons (D:8)
  An iguana (D:9)
  3 worker ants
  A killer bee zombie (D:6)
  A big kobold zombie (Ossuary)
  6 ogre zombies (D:9)
  3 hound skeletons
  2 mummies (Ossuary)
  A howler monkey zombie (D:6)
  17 gnolls
  13 adders
  2 shadow imps
  2 adder zombies (Ossuary)
  5 adder skeletons
  3 worms
  A dart slug (D:3)
  5 leopard geckos
  34 orcs
  2 ball pythons
  9 bats
  7 giant cockroaches
  8 goblins
  8 hobgoblins
  15 jackals
  8 kobolds
  A quokka (D:8)
  3 frilled lizards
  A giant cockroach zombie (D:5)
  3 goblin skeletons (D:9)
  2 goblin zombies (D:9)
  A hobgoblin skeleton (D:9)
  14 hobgoblin zombies
  2 jackal zombies (Ossuary)
  14 kobold zombies (Ossuary)
  A leopard gecko skeleton (D:6)
  A leopard gecko zombie (D:7)
  2 orc skeletons (D:9)
  18 orc zombies
  A quokka skeleton (D:6)
  5 rats
  A rat zombie (Ossuary)
366 creatures vanquished.

Vanquished Creatures (collateral kills)
  2 deep trolls (Orc:1)
  An orc warrior (D:9)
  2 centaurs (D:9)
  6 gnolls (D:9)
  3 orcs (D:9)
14 creatures vanquished.

Vanquished Creatures (others)
  2 fungi (D:9)
2 creatures vanquished.

Grand Total: 382 creatures vanquished

Notes
Turn   | Place    | Note
-------+----------+-------------------------------------------
     0 | D:1      | Martska the Minotaur Fighter began the quest for the Orb.
     0 | D:1      | Reached XP level 1. HP: 19/19 MP: 0/0
   145 | D:1      | Reached XP level 2. HP: 27/27 MP: 1/1
   245 | D:1      | Reached skill level 1 in Dodging
   287 | D:1      | Reached skill level 4 in Armour
   820 | D:2      | Reached XP level 3. HP: 33/33 MP: 2/2
  1298 | D:2      | Found a faded altar of an unknown god.
  1437 | D:3      | Reached XP level 4. HP: 36/41 MP: 3/3
  1494 | D:3      | Noticed an ice beast
  1503 | D:3      | Killed an ice beast
  1503 | D:3      | Reached XP level 5. HP: 20/47 MP: 4/4
  1928 | D:3      | Found a sacrificial altar of Ru.
  1941 | D:3      | Noticed Grinder
  1952 | D:3      | Killed Grinder
  1952 | D:3      | Reached skill level 5 in Fighting
  1952 | D:3      | Reached skill level 5 in Armour
  1952 | D:3      | Reached XP level 6. HP: 55/56 MP: 5/5
  2099 | D:3      | Found a glowing golden altar of the Shining One.
  2102 | D:3      | Found a glowing silver altar of Zin.
  2106 | D:3      | Found a white marble altar of Elyvilon.
  2110 | D:3      | Became a worshipper of the Shining One
  2218 | D:3      | Noticed Ijyb
  2232 | D:3      | Killed Ijyb
  2337 | D:3      | Found a runed translucent door.
  2338 | D:3      | Noticed Crazy Yiuf
  2345 | D:3      | Killed Crazy Yiuf
  2483 | D:4      | Found an ancient bone altar of Kikubaaqudgha.
  2498 | D:4      | Reached skill level 5 in Axes
  2498 | D:4      | Reached skill level 1 in Invocations
  2498 | D:4      | Reached XP level 7. HP: 29/62 MP: 6/6
  2762 | D:4      | Reached skill level 1 in Evocations
  3214 | D:5      | Entered Level 5 of the Dungeon
  3248 | D:5      | Found Osal's Antique Weapon Boutique.
  3248 | D:5      | Noticed Pikel
  3248 | D:5      | Reached * piety under the Shining One
  3278 | D:5      | Killed Pikel
  3278 | D:5      | Reached skill level 6 in Armour
  3278 | D:5      | Reached XP level 8. HP: 28/71 MP: 7/9
  3773 | D:5      | Reached skill level 5 in Dodging
  3870 | D:5      | Found a glowing golden altar of the Shining One.
  3998 | D:5      | Found a staircase to the Ecumenical Temple.
  4055 | D:5      | Found a hazy altar of Hepliaklqana.
  4153 | D:5      | Noticed Edmund
  4163 | D:5      | Killed Edmund
  4317 | D:6      | Reached skill level 7 in Armour
  4413 | D:6      | Reached XP level 9. HP: 35/79 MP: 10/10
  4626 | D:6      | Found a shimmering blue altar of Sif Muna.
  4652 | D:6      | Reached ** piety under the Shining One
  4715 | D:6      | Found a snail-covered altar of Cheibriados.
  5734 | D:7      | Found a hide-covered altar of Uskayaw.
  5763 | D:7      | Noticed Harold
  5781 | D:7      | Killed Harold
  5781 | D:7      | Reached skill level 8 in Armour
  6107 | D:7      | Noticed Duvessa
  6107 | D:7      | Noticed Dowan
  6114 | D:7      | Killed Duvessa
  6114 | D:7      | Killed Dowan
  6357 | D:7      | Reached skill level 5 in Invocations
  6592 | D:7      | Found an ornate altar of the Wu Jian Council.
  6623 | D:7      | Reached XP level 10. HP: 82/90 MP: 12/12
  7277 | D:8      | Found an iron altar of Okawaru.
  7492 | D:8      | Reached *** piety under the Shining One
  7500 | D:8      | Found a sand-covered staircase.
  7508 | Ossuary  | Entered an ossuary
  7553 | Ossuary  | Reached **** piety under the Shining One
  7625 | Ossuary  | Reached ***** piety under the Shining One
  7864 | D:9      | Noticed Maurice
  7873 | D:9      | Reached skill level 5 in Evocations
  7877 | D:9      | Reached skill level 9 in Armour
  7880 | D:9      | Killed Maurice
  8113 | D:9      | Found a staircase to the Orcish Mines.
  8121 | D:9      | Reached ****** piety under the Shining One
  8445 | D:9      | Reached XP level 11. HP: 95/97 MP: 14/14
  8811 | D:9      | Found Vuz Jaerph's Antique Armour Boutique.
  8890 | D:9      | Found a radiant altar of Vehumet.
  8898 | D:9      | Found a blossoming altar of Fedhas.
  9174 | Orc:1    | Entered Level 1 of the Orcish Mines
  9175 | Orc:1    | Noticed an orc knight
  9175 | Orc:1    | Noticed an orc sorcerer
  9175 | Orc:1    | Noticed an orc sorcerer
  9181 | Orc:1    | Killed an orc sorcerer
  9186 | Orc:1    | Killed an orc knight
  9186 | Orc:1    | Noticed an orc sorcerer
  9193 | D:9      | Killed an orc sorcerer
  9371 | Orc:1    | Noticed an orc high priest
  9379 | Orc:1    | Killed an orc high priest
  9380 | Orc:1    | Killed an orc sorcerer
  9422 | Orc:2    | Entered Level 2 of the Orcish Mines
  9472 | Orc:2    | Noticed an ogre mage
  9472 | Orc:2    | Noticed a two-headed ogre
  9473 | Orc:2    | Noticed a two-headed ogre
  9473 | Orc:2    | Noticed a deep troll
  9473 | Orc:2    | Noticed a deep troll
  9473 | Orc:2    | Noticed a two-headed ogre
  9474 | Orc:2    | Noticed a two-headed ogre
  9474 | Orc:2    | Noticed a two-headed ogre
  9475 | Orc:2    | Reached skill level 10 in Armour
  9475 | Orc:2    | Noticed a two-headed ogre
  9475 | Orc:2    | Noticed a two-headed ogre
  9476 | Orc:2    | Noticed an ogre mage
  9481 | Orc:2    | Reached skill level 10 in Fighting
  9486 | Orc:2    | Killed a two-headed ogre
  9492 | Orc:2    | Killed a two-headed ogre
  9493 | Orc:2    | HP: 1/99 [two-headed ogre/+0 giant spiked club (15)]
  9500 | Orc:2    | a two-headed ogre changed into a snapping turtle
  9837 | Orc:1    | Killed a deep troll
  9838 | Orc:1    | HP: 4/100 [deep troll (12)]
  9840 | Orc:1    | Killed a deep troll
 10244 | Orc:1    | Killed a two-headed ogre
 10246 | Orc:1    | Killed a two-headed ogre
 10246 | Orc:1    | Reached skill level 10 in Axes
 10545 | Orc:1    | Killed an ogre mage
 10655 | Orc:1    | Reached XP level 12. HP: 74/107 MP: 16/16
 10933 | Orc:1    | Killed a two-headed ogre
 11280 | Orc:2    | Killed a two-headed ogre
 11286 | Orc:2    | Noticed a two-headed ogre
 11289 | Orc:2    | Killed an ogre mage
 11289 | Orc:2    | Reached skill level 11 in Armour
 11294 | Orc:2    | Mangled by a two-headed ogre

Illustrated notes

Levels and vault maps discovered:
D:1:      denvon_arrival_planthouse, layout_basic, chequers_avenue,
          minmay_tetromino_l2
D:2:      layout_basic, chequers_ecumenical_altar_simple
D:3:      layout_basic, good_gods_temple_1, lemuel_round_altar, first_ration,
          nrook_campfire, minmay_vboxes, uniq_grinder, uniq_ijyb,
          uniq_crazy_yiuf_cottage
D:4:      layout_rooms, kiku_gazebo_pond_becter
D:5:      layout_loops_cross, overflow_temple_1_default,
          minmay_temple_entry_proselytizer, serial_shops, shop, tso_metal_star,
          uniq_pikel, uniq_edmund
D:6:      layout_loops_ring, lemuel_blue_sif_altar, cheibriados_altar_1
D:7:      layout_basic, nicolae_overflow_crystal_walls, marbit_many_paths,
          uniq_duvessa, uniq_harold
D:8:      layout_basic, kennysheep_mini, nicolae_ossuary_entry_catacombs
D:9:      kennysheep_seaside_town, layout_rooms, nicolae_overflow_hidden_temple,
          zombieorc2_lemuel, serial_shops, shop, uniq_maurice
Orc:1:    layout_diamond_mine, basic_altar, uniq_josephine, uniq_erica
Orc:2:    st_orc_open, layout_caves

Skill      XL: |  1  2  3  4  5  6  7  8  9 10 11 12 |
---------------+-------------------------------------+-----
Dodging        | 1 2 3 4 5 6 7 8 9 |  9.3
Armour         | 4 5 6 7 8 9 10 11 | 11.0
Fighting       | 4 5 6 7 8 9 10 | 10.9
Axes           | 3 4 5 6 7 8 10 | 10.4
Invocations    | 1 2 3 5 6 7 8 |  8.0
Evocations     | 2 3 4 5 6 7 |  7.2
Shields        | |  3.6

Action                   |  1- 3 |  4- 6 |  7- 9 | 10-12 || total
-------------------------+-------+-------+-------+-------++-------
Melee: War axe           |    92 |    79 |   115 |       ||   286
       Headbutt          |    12 |     8 |    57 |    82 ||   159
       Battleaxe         |       |       |   135 |   355 ||   490
Invok: Divine Shield     |       |       |       |     6 ||     6
       Summon Divine War |       |       |       |     3 ||     3
Evoke: Wand              |       |       |       |     2 ||     2
  Use: Scroll            |       |       |       |     7 ||     7
       Potion            |       |       |       |     7 ||     7
  Eat: Chunk             |     2 |     3 |    14 |     5 ||    24
       Ration            |       |       |       |     4 ||     4
Armor: Scale mail        |    48 |    31 |   116 |    72 ||   267
       Plate armour      |       |       |       |   164 ||   164
Dodge: Dodged            |    42 |    40 |   148 |   438 ||   668
Block: Kite shield       |    54 |    43 |    46 |       ||   143
       Other             |       |       |       |    41 ||    41
